 Dungeon Crawl Stone Soup version 0.22-a0-845-g8bfc27d406 (webtiles) character file.

98 Ablot the Charmwright (level 4, -4/38 HPs)
             Began as a Gnoll Skald on July 26, 2018.
             Slain by an orc warrior
             ... wielding a +0 trident
              (14 damage)
             ... on level 3 of the Dungeon.
             The game lasted 00:04:09 (1400 turns).

Ablot the Charmwright (Gnoll Skald)                 Turns: 1400, Time: 00:04:09

Health: -4/38      AC:  4    Str: 14    XL:     4   Next: 69%
Magic:  7/11       EV: 20    Int: 16    God:
Gold:   78         SH:  0    Dex: 19    Spells: 2/13 levels left

rFire    . . .     SeeInvis .   f - +1 short sword (freeze)
rCold    . . .     Gourm    .   (no shield)
rNeg     . . .     Faith    .   b - +0 leather armour
rPois    .         Spirit   .   (no helmet)
rElec    .         Reflect  .   (no cloak)
rCorr    .         Harm     .   r - +0 pair of gloves
MR       +....                  (no boots)
Stlth    +++.......             e - amulet of inaccuracy (curse)
HPRegen  0.12/turn              o - ring of protection from magic
MPRegen  0.12/turn              (no ring)

@: agile, singing
A: distributed training, fangs 1, strong nose
a: no special abilities


You were on level 3 of the Dungeon.
You were not hungry.

You visited 1 branch of the dungeon, and saw 3 of its levels.

You collected 78 gold pieces.

Inventory:

Hand Weapons
 f - a +1 short sword of freezing (weapon)
Missiles
 p - 3 tomahawks (quivered)
Armour
 b - a +0 leather armour (worn)
 r - a +0 pair of gloves (worn)
Jewellery
 e - a cursed amulet of inaccuracy (around neck)
 k - an uncursed amulet of the gourmand
 o - a ring of protection from magic (left hand)
Scrolls
 c - 4 scrolls of identify
 g - 2 scrolls of remove curse {unknown}
 h - 2 scrolls of teleportation {unknown}
 i - a scroll of enchant weapon {unknown}
 m - a scroll of fog {unknown}
Potions
 j - 2 potions of berserk rage
 l - a potion of brilliance
 n - a potion of magic {unknown}
 q - a potion of agility
Comestibles
 d - 4 rations


   Skills:
 + Level 4.6 Fighting
 + Level 4.6 Short Blades
 + Level 1.2 Long Blades
 + Level 1.2 Axes
 + Level 1.2 Maces & Flails
 + Level 1.2 Polearms
 + Level 1.2 Staves
 + Level 1.2 Slings
 + Level 1.2 Bows
 + Level 1.2 Crossbows
 + Level 1.2 Throwing
 + Level 2.8 Armour
 + Level 4.6 Dodging
 + Level 1.2 Stealth
 + Level 1.2 Shields
 + Level 1.2 Unarmed Combat
 + Level 5.1 Spellcasting
 + Level 1.0 Conjurations
 + Level 1.0 Hexes
 + Level 5.5 Charms
 + Level 1.0 Summonings
 + Level 1.0 Necromancy
 + Level 1.0 Translocations
 + Level 1.0 Transmutations
 + Level 1.0 Fire Magic
 + Level 1.0 Ice Magic
 + Level 1.0 Air Magic
 + Level 1.0 Earth Magic
 + Level 1.0 Poison Magic
 + Level 1.3 Invocations
 + Level 1.2 Evocations


You had 2 spell levels left.
You knew the following spells:

 Your Spells              Type           Power        Failure   Level  Hunger
a - Infusion              Chrm           ###.         1%          1    None
b - Song of Slaying       Chrm           ###.....     3%          2    #......
c - Shroud of Golubria    Chrm/Tloc      ##........   8%          2    #......
d - Regeneration          Chrm/Necr      ##........   14%         3    ###....
e - Spectral Weapon       Hex/Chrm       ##......     14%         3    ###....

Your spell library contained the following spells:

 Spells                   Type           Power        Failure   Level  Hunger


Dungeon Overview and Level Annotations

Branches:
Dungeon (2/15)

Altars:
Dithmenos


Innate Abilities, Weirdness & Mutations

Your experience applies equally to all skills.
You have very sharp teeth.
Your uncanny sense of smell can sniff out nearby items.


Message History

An orc comes into view. It is wielding a dagger.
The orc shouts!
The orc warrior hits you from afar with a trident!
A ball python comes into view.
An orc priest comes into view. It is wielding a dagger.
The orc warrior misses you.
You completely miss the orc warrior. The orc warrior barely misses you.
You miss the orc warrior.
You hear an angry hiss.
A rat comes into view.
A ball python comes into view.
The orc closely misses you.
The orc warrior hits you with a trident!!
* * * LOW HITPOINT WARNING * * *
Your shroud falls apart!
It was a potion of agility.
You feel agile all of a sudden.
The rat twitches its whiskers.
The orc misses you.
The orc warrior hits you with a trident!
You die...

.. ..###.. #.#####
#S.#..###.. #..
.##.....##...##.#
..............#.# ∆
#......... #..#.#
##..._...####.#)##.#
#.....o...##....##.#
.r....o@........##.#
.##..ooo##...##.##.#
#S.#..###..##.##.#
#.. ##..##..##.##.#
...
#.....#.#.##.#####
#.
..#..#............ #
..#.#...#.##.#####
..........##.# #
#.########.# #


You could see an orc warrior, an orc priest, 3 orcs, 2 ball pythons and a rat.

Vanquished Creatures
  An orc wizard (D:3)
  2 adders
  An ooze (D:3)
  A dart slug (D:1)
  A leopard gecko (D:1)
  5 orcs (D:3)
  2 ball pythons (D:1)
  A giant cockroach (D:1)
  5 goblins (D:1)
  A hobgoblin (D:1)
  4 jackals (D:1)
  3 kobolds
  5 bats
  A frilled lizard (D:1)
  7 rats
40 creatures vanquished.

Notes
Turn   | Place    | Note
-------+----------+-------------------------------------------
     0 | D:1      | Ablot the Gnoll Skald began the quest for the Orb.
     0 | D:1      | Reached XP level 1. HP: 20/20 MP: 6/6
   349 | D:1      | Reached XP level 2. HP: 24/26 MP: 7/7
   356 | D:1      | Learned a level 2 spell: Song of Slaying
   359 | D:1      | Learned a level 2 spell: Shroud of Golubria
   489 | D:1      | Reached XP level 3. HP: 27/31 MP: 3/9
   570 | D:1      | Reached skill level 5 in Spellcasting
  1004 | D:2      | Reached skill level 1 in Invocations
  1027 | D:2      | You fall through a shaft!
  1048 | D:3      | Reached skill level 1 in Long Blades
  1048 | D:3      | Reached skill level 1 in Axes
  1048 | D:3      | Reached skill level 1 in Maces & Flails
  1048 | D:3      | Reached skill level 1 in Polearms
  1048 | D:3      | Reached skill level 1 in Staves
  1048 | D:3      | Reached skill level 1 in Slings
  1048 | D:3      | Reached skill level 1 in Bows
  1048 | D:3      | Reached skill level 1 in Crossbows
  1048 | D:3      | Reached skill level 1 in Throwing
  1048 | D:3      | Reached skill level 1 in Stealth
  1048 | D:3      | Reached skill level 1 in Shields
  1048 | D:3      | Reached skill level 1 in Unarmed Combat
  1048 | D:3      | Reached skill level 1 in Evocations
  1048 | D:3      | Reached XP level 4. HP: 23/38 MP: 0/11
  1175 | D:3      | Learned a level 3 spell: Regeneration
  1179 | D:3      | Learned a level 3 spell: Spectral Weapon
  1347 | D:3      | Reached skill level 1 in Conjurations
  1347 | D:3      | Reached skill level 1 in Hexes
  1347 | D:3      | Reached skill level 1 in Summonings
  1347 | D:3      | Reached skill level 1 in Necromancy
  1347 | D:3      | Reached skill level 1 in Translocations
  1347 | D:3      | Reached skill level 1 in Transmutations
  1347 | D:3      | Reached skill level 1 in Fire Magic
  1347 | D:3      | Reached skill level 1 in Ice Magic
  1347 | D:3      | Reached skill level 1 in Air Magic
  1347 | D:3      | Reached skill level 1 in Earth Magic
  1347 | D:3      | Reached skill level 1 in Poison Magic
  1391 | D:3      | Found a shadowy altar of Dithmenos.
  1392 | D:3      | Noticed an orc warrior
  1400 | D:3      | Slain by an orc warrior

Vault maps used:
D:1:      minmay_arrival_split_and_join
D:2:      first_ration, uniq_terence
D:3:      nicolae_dithmenos_shadow_blocks

Skill      XL: |  1  2  3  4 |
---------------+-------------+-----
Spellcasting   | 5 |  5.1
Invocations    | 1 |  1.3
Long Blades    | 1 |  1.2
Axes           | 1 |  1.2
Maces & Flails | 1 |  1.2
Polearms       | 1 |  1.2
Staves         | 1 |  1.2
Slings         | 1 |  1.2
Bows           | 1 |  1.2
Crossbows      | 1 |  1.2
Throwing       | 1 |  1.2
Stealth        | 1 |  1.2
Shields        | 1 |  1.2
Unarmed Combat | 1 |  1.2
Evocations     | 1 |  1.2
Conjurations   | 1 |  1.0
Hexes          | 1 |  1.0
Summonings     | 1 |  1.0
Necromancy     | 1 |  1.0
Translocations | 1 |  1.0
Transmutations | 1 |  1.0
Fire Magic     | 1 |  1.0
Ice Magic      | 1 |  1.0
Air Magic      | 1 |  1.0
Earth Magic    | 1 |  1.0
Poison Magic   | 1 |  1.0
Fighting       | |  4.6
Short Blades   | |  4.6
Armour         | |  2.8
Dodging        | |  4.6
Charms         | |  5.5

Action                   |  1- 3 |  4- 6 || total
-------------------------+-------+-------++-------
Melee: Short sword       |    89 |    44 ||   133
       Bite              |     7 |     3 ||    10
 Cast: Song of Slaying   |     4 |     1 ||     5
       Shroud of Golubri |     2 |     1 ||     3
       Infusion          |     1 |       ||     1
  Use: Scroll            |     4 |       ||     4
       Potion            |       |     1 ||     1
 Stab: Sleeping          |       |     1 ||     1
  Eat: Chunk             |     1 |     1 ||     2
Armor: Leather armour    |    14 |    14 ||    28
Dodge: Dodged            |    66 |    44 ||   110

Table legend:
 A = Spawn XP
 B = Non-spawn XP
 C = Spawn XP percentage of total XP
 D = Spawn monster count
 E = Non-spawn monster count
 F = Spawn count percentage of total count
 G = Total turns spent on level
                    A         B        C        D         E        F      G
               +---------+---------+-------+---------+---------+-------+---------
         Total |       0 |     140 |   0.0 |       0 |      40 |   0.0 |  1400
               +---------+---------+-------+---------+---------+-------+---------
           D:1 |       0 |      41 |   0.0 |       0 |      23 |   0.0 |   916
           D:2 |       0 |      16 |   0.0 |       0 |       4 |   0.0 |   111
           D:3 |       0 |      83 |   0.0 |       0 |      13 |   0.0 |   373
               +---------+---------+-------+---------+---------+-------+---------
